 Dungeon Crawl Stone Soup version 0.21.0-26-g889b8f6 (webtiles) character file.

105 Megalobster the Distorting Demonspawn (level 4, -10/36 HPs)
             Began as a Demonspawn Abyssal Knight on Jan 28, 2018.
             Was a Believer of Lugonu.
             Killed by divine providence
             ... invoked by an orc priest
              (11 damage)
             ... on level 3 of the Dungeon.
             The game lasted 00:09:54 (3385 turns).

Megalobster the Distorting Demonspawn (DsAK)        Turns: 3385, Time: 00:09:55

Health: -10/36     AC: 14    Str: 14    XL:     4   Next: 53%
Magic:  6/6        EV: 10    Int: 13    God:    Lugonu [**....]
Gold:   134        SH:  0    Dex: 12    Spells: 3/3 levels left

rFire    + . .     SeeInvis .   i - +0 flail
rCold    . . .     Gourm    .   (no shield)
rNeg     . . .     Faith    .   r - +0 ring mail
rPois    .         Spirit   .   (no helmet)
rElec    .         Reflect  .   (no cloak)
rCorr    .         Harm     .   (no gloves)
MR       .....                  (no boots)
Stlth    ++........             h - amulet of magic regeneration
HPRegen  0.12/turn              u - ring of protection from fire
MPRegen  0.35/turn              (no ring)

@: sanguine armour, drained
A: nightstalker 1, sanguine armour 2
a: Depart the Abyss, Bend Space, Renounce Religion


You were on level 3 of the Dungeon.
You worshipped Lugonu.
Lugonu was pleased with you.
You were not hungry.

You visited 1 branch of the dungeon, and saw 3 of its levels.
You visited the Abyss 1 time.

You collected 134 gold pieces.

Inventory:

Hand Weapons
 a - a +1 mace
 i - a +0 flail (weapon)
 k - a +0 hunting sling
Missiles
 f - 11 sling bullets
 l - 111 stones (quivered)
 t - 6 steel tomahawks
Armour
 b - a +0 leather armour
 d - a +0 shield
 r - a +0 ring mail (worn)
Jewellery
 h - an amulet of magic regeneration (around neck)
 u - a ring of protection from fire (left hand)
Scrolls
 j - a scroll of magic mapping {unknown}
 m - a scroll of fear {unknown}
 n - 2 scrolls of fog
Potions
 g - a potion of ambrosia
 o - a potion of mutation
 p - a potion of curing {@q1}
 q - a potion of berserk rage {unknown}
Comestibles
 c - 3 rations


   Skills:
 + Level 3.6(3.2) Fighting
 * Level 3.3(3.0) Maces & Flails
 - Level 1.7(1.4) Armour
 - Level 0.8(0.5) Dodging
 + Level 3.8(3.4) Invocations


You had 3 spell levels left.
You didn't know any spells.

Dungeon Overview and Level Annotations

Branches:
Dungeon (3/15)

Altars:
Ru


Innate Abilities, Weirdness & Mutations

You are slightly more attuned to the shadows.
When seriously injured, your bleeding wounds create thick armour. (AC +9)


Message History

You hit the orc priest.
The orc priest is moderately wounded.
The orc priest hits you but does no damage.
You hit the orc priest.
The orc priest is moderately wounded.
The orc priest hits you with a short sword.
You take 2 damage, and have 22/36 hp.
You barely miss the orc priest.
The orc priest is moderately wounded.
The orc priest invokes the aid of Beogh against you.
Pain shoots through your body!
You take 8 damage, and have 14/36 hp.
MASSIVE DAMAGE!!
You barely miss the orc priest.
The orc priest is moderately wounded.
The orc priest calls down the wrath of Beogh upon you.
Pain shoots through your body!
* * * LOW HITPOINT WARNING * * *
The orc priest invokes the aid of Beogh against you.
Beogh smites you!
You die...

### #.# ######## ######§#
..... #.......
##..§†§§#####...... #.......
...###§§o§§....... #.......
#####.§#.§###...o. #.......
####(### #o# #......<
##...P# #o# ###..###
#.P.#.P# ##@# #..##.
#P.o.### #..# #..##.
#.SSPP####.## #..##. ##...#
#...############..##.
#.#.#P##....................
#######.#############...###.
#.##...# ##########...# #.
#.##..#####...........## #.
#...........#######...# #.


You could see 2 orc priests and an orc.

Vanquished Creatures
  A gnoll (D:1)
  3 adders (D:3)
  4 worms
  An orc (D:3)
  3 giant cockroaches
  9 goblins
  4 hobgoblins
  2 jackals (D:1)
  A quokka (D:3)
  3 ball pythons
  6 bats
  3 frilled lizards
  7 kobolds
  7 rats
54 creatures vanquished.

Notes
Turn   | Place    | Note
-------+----------+-------------------------------------------
     0 | Abyss:1  | Megalobster the Demonspawn Abyssal Knight began the quest for the Orb.
     0 | Abyss:1  | Reached XP level 1. HP: 18/18 MP: 2/2
    14 | D:1      | Escaped the Abyss
   216 | D:1      | Gained mutation: You are slightly more attuned to the shadows. [demonic ancestry]
   216 | D:1      | Reached XP level 2. HP: 24/24 MP: 4/4
   792 | D:1      | Gained mutation: When seriously injured, your bleeding wounds create armour. (AC +9) [demonic ancestry]
   792 | D:1      | Reached XP level 3. HP: 29/29 MP: 5/5
   809 | D:1      | Reached ** piety under Lugonu
  2354 | D:3      | Gained mutation: When seriously injured, your bleeding wounds create thick armour. (AC +9) [demonic ancestry]
  2354 | D:3      | Reached XP level 4. HP: 29/35 MP: 6/6
  2935 | D:3      | Found a sacrificial altar of Ru.
  3007 | D:3      | HP: 1/36 [orc priest/divine providence (13)]
  3385 | D:3      | HP: 1/36 [orc priest/nerve-wracking pain (13)]
  3385 | D:3      | Killed from afar by an orc priest

Skill      XL: |  1  2  3 |
---------------+----------+-----
Maces & Flails | 2 3 |  3.3
Invocations    | 3 |  3.8
Fighting       | |  3.6
Armour         | |  1.7
Dodging        | |  0.8

Action                   |  1- 3 |  4- 6 || total
-------------------------+-------+-------++-------
Melee: Mace              |    47 |       ||    47
       Flail             |    78 |    79 ||   157
Throw: Stone             |    16 |     1 ||    17
Invok: Bend Space        |       |     3 ||     3
  Use: Scroll            |     3 |     3 ||     6
       Potion            |       |     1 ||     1
 Stab: Sleeping          |    16 |       ||    16
  Eat: Ration            |     2 |       ||     2
       Chunk             |       |     1 ||     1
Armor: Leather armour    |    28 |       ||    28
       Ring mail         |       |    41 ||    41
Dodge: Dodged            |    86 |    52 ||   138
